 Dungeon Crawl Stone Soup version 0.31-a0-174-g85c54bcb58 (webtiles) character file.

Game seed: 7545058972899413051

693 qw the Skirmisher (level 7, -4/44 HPs)
             Began as a Gargoyle Hunter on June 15, 2023.
             Slain by a two-headed ogre
             ... wielding a +0 giant club
              (5 damage)
             ... on level 5 of the Dungeon.
             The game lasted 00:01:19 (3292 turns).

qw the Skirmisher (Gargoyle Hunter)                 Turns: 3292, Time: 00:01:20

Health: -4/44      AC: 11    Str: 14    XL:     7   Next: 64%
Magic:  7/7        EV: 10    Int: 15    God:
Gold:   196        SH:  0    Dex: 15    Spells: 6/6 levels left

rFire   . . .        Y - +2 shortbow
rCold   + . .        (shield currently unavailable)
rNeg    + . .        k - +0 ring mail
rPois   inf          (no helmet)
rElec   +            d - +0 cloak
rCorr   .            (no gloves)
SInv    .            (no boots)
Will    .....        (no amulet)
Stlth   +            h - ring of Emeocw {rC+ Int+5}
HPRegen 0.27/turn    (no ring)
MPRegen 0.10/turn

%: no passive effects
@: about to teleport
A: sickness immunity, AC +4, negative energy resistance 1, electricity
resistance, torment resistance 1, petrification resistance
a: no special abilities


You were on level 5 of the Dungeon.
You visited 1 branch of the dungeon, and saw 5 of its levels.

You collected 196 gold pieces.


Innate Abilities, Weirdness & Mutations

You are immune to sickness and miasma.
Your stone body is resilient. (AC +4)
You are immune to poison.
You resist negative energy. (rN+)
You are resistant to electric shocks. (rElec)
You are resistant to unholy torment.
You are immune to petrification.


   Skills:
 - Level 5.0 Fighting
 - Level 8.0 Ranged Weapons
 + Level 1.0 Armour
 - Level 1.5 Dodging
 - Level 1.1 Stealth


You had 6 spell levels left.
You didn't know any spells.
Your spell library was empty.

Inventory:

Hand Weapons
 Y - a +2 shortbow (weapon)
Armour
 d - a +0 cloak (worn)
 k - a +0 ring mail (worn)
Jewellery
 h - the ring of Emeocw (left hand) {rC+ Int+5}
   (You found it on level 4 of the Dungeon)

   [ring of protection from cold]

   Int:       It affects your intelligence (+5).
   rC:        It protects you from cold.
Scrolls
 a - 2 scrolls of identify
 j - a scroll of teleportation
Potions
 b - a potion of magic
 e - a potion of cancellation
 f - a potion of might
 g - 5 potions of curing

Dungeon Overview and Level Annotations

Branches:
Dungeon (5/15)
 Temple: D:4-7

Altars:


Message History

The adder bites you but does no damage.
You shoot an arrow. The arrow hits the adder.
You kill the adder!
Your Fighting skill increases to level 5!
You start resting.
HP restored.
Items here: %% ))) [.
You now have 196 gold pieces (gained 12).
Items here: % )))) [.
A two-headed ogre comes into view.
It is wielding a +0 giant club and a +0 giant spiked club.
The two-headed ogre shouts in stereo!
Enter note:
Enter note:
Enter note: You shoot an arrow.
The arrow barely misses the two-headed ogre.
You shoot an arrow. The arrow hits the two-headed ogre!
The two-headed ogre is lightly wounded.
You shoot an arrow. The arrow hits the two-headed ogre.
The two-headed ogre is moderately wounded.
You shoot an arrow. The arrow hits the two-headed ogre.
The two-headed ogre is moderately wounded.
You shoot an arrow. The arrow hits the two-headed ogre.
The two-headed ogre is moderately wounded.
You shoot an arrow. The arrow hits the two-headed ogre.
The two-headed ogre is moderately wounded.
The two-headed ogre hits you with a +0 giant club!
The two-headed ogre hits you but does no damage.
A quokka comes into view.
You shoot an arrow.
The arrow barely misses the two-headed ogre.
The two-headed ogre hits you with a +0 giant club!!
Ouch! That really hurt!
The two-headed ogre closely misses you.
3292 ||| READING 2 scrolls of teleportation.
As you read the scroll of teleportation, it crumbles to dust.
You feel strangely unstable. The two-headed ogre closely misses you.
The two-headed ogre hits you with a +0 giant spiked club.
You die...

........#..#.##..##.......#
#...#####..#..#..##.......#
#...# #..#..#..##.......#
#...# #........##########
....# #........)..# ##>##
####..##)##)# #. ##..##.#
.# #.<....##.# ##...O@...#
##......)....
...r.).#.....#.
.#####........# ..........
.....^...^^ ..^..^.....
.... ...^...


You could see a two-headed ogre and a quokka.

Vanquished Creatures
  2 phantoms (D:5)
  Blork the orc (D:4)
  A scorpion (D:5)
  A howler monkey (D:5)
  A hound (D:4)
  A gnoll bouda (D:5)
  An iguana (D:4)
  16 gnolls
  2 adders
  A shadow imp (D:5)
  2 ufetubi
  4 worms
  A dart slug (D:1)
  5 bats
  4 endoplasms
  3 giant cockroaches
  10 goblins
  6 hobgoblins
  17 jackals
  5 quokkas
  9 ball pythons
  3 frilled lizards
  8 kobolds
  4 rats
108 creatures vanquished.

Vanquished Creatures (others)
  2 ghouls (D:1)
  A minotaur (D:1)
  A draconian (D:1)
  An elf (D:1)
  2 merfolk (D:1)
  A human (D:1)
  A naga (D:1)
  A demigod (D:1)
  An ogre (D:1)
  A felid (D:1)
  2 mummies (D:1)
  An orc (D:1)
  6 tentacles (D:1)
21 creatures vanquished.

Grand Total: 129 creatures vanquished

Notes
Turn   | Place    | Note
-------+----------+-------------------------------------------
     0 | D:1      | qw the Gargoyle Hunter began the quest for the Orb.
     0 | D:1      | Reached XP level 1. HP: 12/12 MP: 1/1
     0 | D:1      | 0 ||| qw: Version: 0.2-a-29-g511e9b1
     0 | D:1      | 0 ||| qw: Game counter: 5460
     0 | D:1      | 0 ||| qw: Always use a shield: true
     0 | D:1      | 0 ||| qw: God list: Okawaru
     0 | D:1      | 0 ||| qw: Allow faded altars: false
     0 | D:1      | 0 ||| qw: Do Orc after D:15 true
     0 | D:1      | 0 ||| qw: Do second Lair branch before Depths: true
     0 | D:1      | 0 ||| qw: Lair rune preference: random
     0 | D:1      | 0 ||| qw: Plans: Normal, Zot:1-4, Slime:5, God:TSO, Crypt,
                  | Tomb, Abyss, Pan, Hells, Win
     0 | D:1      | 0 ||| PLANNING D:1-11
     2 | D:1      | Noticed a felid
     2 | D:1      | Noticed a merfolk
     2 | D:1      | Noticed a minotaur
     2 | D:1      | Noticed a ghoul
     2 | D:1      | Noticed a human
     2 | D:1      | Noticed an elf
     2 | D:1      | Noticed a kraken
     2 | D:1      | Noticed a naga
     2 | D:1      | Noticed a demigod
     2 | D:1      | Noticed a draconian
     2 | D:1      | Noticed a ghoul
     2 | D:1      | Noticed an ogre
     2 | D:1      | Noticed a merfolk
    12 | D:1      | Killed a ghoul
    15 | D:1      | Killed a merfolk
    18 | D:1      | Killed a merfolk
    18 | D:1      | Killed a felid
    18 | D:1      | Killed a naga
    20 | D:1      | Killed a human
    25 | D:1      | Killed a minotaur
    26 | D:1      | Killed an elf
    26 | D:1      | Killed an ogre
    26 | D:1      | Killed a demigod
    28 | D:1      | Killed a ghoul
    29 | D:1      | Killed a draconian
   208 | D:1      | Reached XP level 2. HP: 17/17 MP: 2/2
   448 | D:1      | Found a faded altar of an unknown god.
   522 | D:1      | Reached XP level 3. HP: 20/21 MP: 3/3
   571 | D:1      | Reached skill level 5 in Ranged Weapons
   787 | D:1      | 787 ||| READING 3 scrolls labelled BOIJYI JUDIK.
   788 | D:1      | 788 ||| READING 2 scrolls labelled MIODI TUUPHEDGH.
   789 | D:1      | 789 ||| READING 2 scrolls of identify.
   789 | D:1      | 789 ||| IDENTIFYING clear potion
   790 | D:1      | 790 ||| DROPPING scroll of butterflies.
   791 | D:1      | 791 ||| DROPPING scroll of vulnerability.
  1194 | D:2      | Reached skill level 3 in Fighting
  1266 | D:2      | Reached XP level 4. HP: 25/28 MP: 4/4
  1421 | D:2      | 1421 ||| READING scroll labelled PIVAONLOWUH.
  1422 | D:2      | 1422 ||| READING scroll labelled DAMILY MEYT.
  1423 | D:2      | 1423 ||| DRINKING 2 bubbling brown potions.
  1424 | D:2      | 1424 ||| DRINKING 3 bubbling golden potions.
  1634 | D:3      | 1634 ||| READING scroll of enchant weapon.
  1634 | D:3      | 1634 ||| ENCHANTING +1 shortbow.
  1829 | D:3      | 1829 ||| UPGRADING to +0 cloak.
  1846 | D:4      | 1846 ||| STAIRDANCE
  1920 | D:4      | 1920 ||| STAIRDANCE
  1978 | D:4      | Reached XP level 5. HP: 32/32 MP: 5/5
  1980 | D:4      | 1980 ||| STAIRDANCE
  1987 | D:3      | Reached skill level 6 in Ranged Weapons
  2150 | D:4      | Reached skill level 1 in Armour
  2164 | D:4      | Identified the ring of Emeocw {rC+ Int+5}
  2302 | D:4      | Noticed Blork the orc
  2307 | D:4      | HP: 7/32 [Blork the orc/+0 scimitar (6)]
  2309 | D:4      | Killed Blork the orc
  2310 | D:4      | Reached XP level 6. HP: 9/39 MP: 6/6
  2869 | D:4      | 2869 ||| UPGRADING to +0 ring mail.
  2879 | D:4      | 2879 ||| DROPPING +0 leather armour.
  2880 | D:4      | 2880 ||| UPGRADING to ring of Emeocw {rC+ Int+5}.
  2881 | D:4      | 2881 ||| READING scroll labelled VILEW UWO UTS.
  2882 | D:4      | 2882 ||| READING 3 scrolls labelled BEMOWU CAOTT.
  2886 | D:4      | 2886 ||| READING scroll labelled POGRICS METI.
  2887 | D:4      | 2887 ||| READING 2 scrolls of identify.
  2887 | D:4      | 2887 ||| IDENTIFYING fuming dark potion
  2905 | D:5      | Entered Level 5 of the Dungeon
  2993 | D:5      | Reached skill level 7 in Ranged Weapons
  2993 | D:5      | Reached XP level 7. HP: 44/44 MP: 7/7
  3107 | D:5      | 3107 ||| Stepping ~*~*~tactically~*~*~ (outnumbered).
  3147 | D:5      | Reached skill level 8 in Ranged Weapons
  3284 | D:5      | Noticed a two-headed ogre
  3291 | D:5      | HP: 1/44 [two-headed ogre/+0 giant club (26)]
  3292 | D:5      | 3292 ||| READING 2 scrolls of teleportation.
  3292 | D:5      | Slain by a two-headed ogre

Levels and vault maps discovered:
D:1:      nicolae_arrival_kraken_aquarium_b, layout_basic,
          hellmonk_ecumenical_altar_inner_sanctum
D:2:      layout_loops_cross
D:3:      layout_rooms
D:4:      layout_basic, grunt_ministairs_3, kennysheep_generic_room_5,
          uniq_blork_the_orc
D:5:      layout_loops_cross, biasface_ghost_orc_armoury, minmay_holes

Skill      XL: |  1  2  3  4  5  6  7 |
---------------+----------------------+-----
Ranged Weapons | 5 6 7 8 |  8.0
Fighting       | 3 4 5 |  5.0
Armour         | 1 |  1.0
Dodging        | |  1.5
Stealth        | |  1.1

Action                     |  1- 3 |  4- 6 |  7- 9 || total
---------------------------+-------+-------+-------++-------
   Fire: Shortbow          |    92 |   157 |    91 ||   340
    Use: Scroll            |     3 |     7 |     1 ||    11
         Potion            |       |     2 |       ||     2
 Armour: Leather armour    |    16 |    18 |       ||    34
         Ring mail         |       |     3 |    31 ||    34
  Dodge: Dodged            |    23 |    32 |    42 ||    97

Table legend:
 A = Non-vault XP
 B = Vault XP
 C = Vault XP percentage of total XP
 D = Non-vault monster count
 E = Vault monster count
 F = Vault count percentage of total count
                 A         B        C        D         E       F
            +---------+---------+-------+---------+---------+-------
      Total |     794 |     196 |  19.8 |     103 |       5 |   4.6
            +---------+---------+-------+---------+---------+-------
        D:1 |      48 |       0 |   0.0 |      27 |       0 |   0.0
        D:2 |      40 |       0 |   0.0 |      24 |       0 |   0.0
        D:3 |      75 |       0 |   0.0 |      21 |       0 |   0.0
        D:4 |     105 |     196 |  65.1 |      15 |       5 |  25.0
        D:5 |     526 |       0 |   0.0 |      16 |       0 |   0.0
            +---------+---------+-------+---------+---------+-------
